 Dungeon Crawl Stone Soup version 0.24.0-37-gcf1ca852f1 (webtiles) character file.

Game seed: 3383179489523687297, levelgen mode: deterministic

70 KrisztiCat the Cudgeler (level 4, -4/60 HPs)
             Began as a Minotaur Berserker on Nov 28, 2019.
             Was a Believer of Trog.
             Killed from afar by an orc wizard (11 damage)
             ... with a puff of flame
             ... on level 3 of the Dungeon.
             The game lasted 00:07:01 (1226 turns).

KrisztiCat the Cudgeler (Minotaur Berserker)        Turns: 1226, Time: 00:07:03

Health: -4/60      AC:  6    Str: 28    XL:     4   Next: 3%
Magic:  3/3        EV: 16    Int:  4    God:    Trog [**....]
Gold:   173        SH:  0    Dex: 14    Spells: 3/3 levels left

rFire    . . .     SeeInvis .   a - +0 mace
rCold    . . .     Gourm    .   (no shield)
rNeg     . . .     Faith    .   j - +0 scale mail
rPois    .         Spirit   .   (helmet restricted)
rElec    .         Reflect  .   (no cloak)
rCorr    .         Harm     .   (no gloves)
MR       .....                  (no boots)
Stlth    ..........             (no amulet)
HPRegen  0.20/turn              (no ring)
MPRegen  0.08/turn              (no ring)

@: mighty, agile, berserking, hasted, very quick
A: retaliatory headbutt, horns 2
a: Berserk, Trog's Hand, Renounce Religion


You were on level 3 of the Dungeon.
You worshipped Trog.
Trog was pleased with you.
You were very hungry.

You visited 1 branch of the dungeon, and saw 3 of its levels.

You collected 173 gold pieces.

Inventory:

Hand Weapons
 a - a +0 mace (weapon)
Armour
 b - a +0 animal skin
 j - a +0 scale mail (worn)
 n - a cursed +0 ring mail
Scrolls
 d - a scroll of immolation {unknown}
 e - 2 scrolls of remove curse
 i - 4 scrolls of identify
 l - a scroll of magic mapping {unknown}
 m - a scroll of fear {unknown}
 q - a scroll of teleportation {unknown}
Potions
 f - a potion of flight
 o - a potion of curing {unknown}
Comestibles
 c - 6 rations
 p - a chunk of flesh


   Skills:
 - Level 3.8 Fighting
 + Level 5.8 Maces & Flails
 - Level 2.4 Armour
 - Level 2.3 Dodging


You had 3 spell levels left.
You didn't know any spells.
Your spell library was empty.

Dungeon Overview and Level Annotations

Branches:
Dungeon (3/15)

Altars:

Annotations:
D:3 Grinder


Innate Abilities, Weirdness & Mutations

You reflexively headbutt those who attack you in melee.
You have a pair of horns on your head.


Message History

An orc comes into view. It is wielding a +0 short sword.
The orc shouts!
Grinder gestures at you. You resist with significant effort.
You can move again.
It was a potion of agility.
You feel agile all of a sudden. Grinder gestures at you.
Pain shoots through your body!
* * * LOW HITPOINT WARNING * * *
It was a potion of might.
You feel very mighty all of a sudden.
An orc wizard comes into view. It is wielding a +0 dagger.
A red film seems to cover your vision as you go berserk!
You feel yourself moving faster!
You feel mighty!
You are feeling very hungry.
The orc wizard shouts!
The orc wizard points at you and mumbles some strange words.
The puff of flame hits you!
You die...

..# ... .. #.# ..
..# ##+## . ..#
..<.. #. #.#......
#.###.### #.#......
...o....###........
.##.#.<##......#
......o..)@!....#
#.##.#..o#5.....#
........#+#####
###.#.....
#.#...... #
.......# ##...#...
.......#.


You could see Grinder, an orc wizard and 2 orcs.

Vanquished Creatures
  2 adders (D:2)
  A worm (D:2)
  A dart slug (D:1)
  A giant cockroach (D:1)
  6 goblins
  7 hobgoblins
  2 jackals (D:2)
  5 bats
  5 frilled lizards (D:1)
  6 kobolds
  9 rats
45 creatures vanquished.

Vanquished Creatures (others)
  4 toadstools (D:2)
4 creatures vanquished.

Grand Total: 49 creatures vanquished

Notes
Turn   | Place    | Note
-------+----------+-------------------------------------------
     0 | D:1      | KrisztiCat the Minotaur Berserker began the quest for the
                  | Orb.
     0 | D:1      | Reached XP level 1. HP: 19/19 MP: 0/0
   312 | D:1      | Reached skill level 4 in Maces & Flails
   315 | D:1      | Reached XP level 2. HP: 27/27 MP: 1/1
   693 | D:2      | Reached ** piety under Trog
   704 | D:2      | Reached XP level 3. HP: 33/33 MP: 2/2
   754 | D:2      | Reached skill level 5 in Maces & Flails
  1027 | D:2      | Reached XP level 4. HP: 40/40 MP: 3/3
  1206 | D:3      | Noticed Grinder
  1209 | D:3      | Paralysed by Grinder for 4 turns
  1219 | D:3      | Paralysed by Grinder for 5 turns
  1226 | D:3      | Killed from afar by an orc wizard

Levels and vault maps discovered:
D:1:      minmay_arrival_stair_chambers, layout_basic
D:2:      layout_basic, first_ration, minmay_gold_behind_fungi
D:3:      layout_basic, minmay_crystal_water, uniq_natasha, uniq_sigmund,
          uniq_ijyb, uniq_grinder

Skill      XL: |  1  2  3 |
---------------+----------+-----
Maces & Flails | 4 5 |  5.8
Fighting       | |  3.8
Armour         | |  2.4
Dodging        | |  2.3

Action                   |  1- 3 |  4- 6 || total
-------------------------+-------+-------++-------
Melee: Mace              |   100 |    10 ||   110
       Headbutt          |     9 |     1 ||    10
Invok: Berserk           |       |     1 ||     1
  Use: Scroll            |     2 |       ||     2
       Potion            |       |     3 ||     3
  Eat: Chunk             |       |     1 ||     1
Armor: Animal skin       |     5 |       ||     5
       Scale mail        |    43 |     5 ||    48
Dodge: Dodged            |    56 |     4 ||    60
